 Dungeon Crawl Stone Soup version 0.25-a0-346-g140ab784a8 (webtiles) character file.

Game seed: 5581419728694453941, levelgen mode: deterministic

1211 BritishOli the Slasher (level 8, -6/61 HPs)
             Began as a Demonspawn Gladiator on Jan 1, 2020.
             Mangled by Psyche
             ... wielding a +1 dagger of chaos
              (18 damage)
             ... on level 8 of the Dungeon.
             The game lasted 00:20:16 (6213 turns).

BritishOli the Slasher (Demonspawn Gladiator)       Turns: 6213, Time: 00:20:17

Health: -6/61      AC:  7    Str: 17    XL:     8   Next: 22%
Magic:  17/17      EV: 17    Int: 10    God:
Gold:   182        SH:  4    Dex: 14    Spells: 7/7 levels left

rFire    . . .     SeeInvis .   a - +0 long sword
rCold    . . .     Gourm    .   (no shield)
rNeg     . . .     Faith    .   x - +0 scale mail
rPois    .         Spirit   .   c - +0 helmet
rElec    .         Reflect  .   (no cloak)
rCorr    .         Harm     .   (no gloves)
MR       .....                  (no boots)
Stlth    ..........             (no amulet)
HPRegen  0.20/turn              e - ring of magical power
MPRegen  0.15/turn              v - +5 ring of evasion

@: lightly drained
A: talons 1, large bone plates 1, foul stench 1, powered by death 1, rot
immunity
a: no special abilities


You were on level 8 of the Dungeon.
You were hungry.

You visited 1 branch of the dungeon, and saw 6 of its levels.

You collected 182 gold pieces.

Inventory:

Hand Weapons
 a - a +0 long sword (weapon)
Missiles
 d - a throwing net (quivered)
Armour
 b - a +0 leather armour
 c - a +0 helmet (worn)
 x - a +0 scale mail (worn)
Jewellery
 e - a ring of magical power (left hand)
 v - a +5 ring of evasion (right hand)
Wands
 t - a wand of digging (7)
Scrolls
 g - a scroll of noise {unknown}
 h - a scroll of random uselessness {unknown}
 i - a scroll of immolation {unknown}
 j - 2 scrolls of magic mapping {unknown}
 k - 2 scrolls of amnesia {unknown}
 m - 2 scrolls of remove curse {unknown}
 n - 2 scrolls of teleportation {unknown}
 o - 8 scrolls of identify {unknown}
 u - a scroll of enchant armour {unknown}
Potions
 l - 2 potions of brilliance
 p - 2 potions of curing
 q - 2 potions of agility {unknown}
 r - a potion of mutation {unknown}
 s - a potion of heal wounds {unknown}
Comestibles
 f - 7 rations


   Skills:
 + Level 4.9(4.6) Fighting
 * Level 6.2(5.9) Long Blades
 - Level 2.4(2.2) Throwing
 + Level 3.0(2.8) Armour
 + Level 5.0(4.7) Dodging


You had 7 spell levels left.
You didn't know any spells.
Your spell library contained the following spells:

 Spells                   Type           Power        Failure   Level  Hunger
 Confusing Touch          Hex            #.....       77%         1    ##.....
 Confuse                  Hex            #.......     98%         3    ####...
 Gell's Gravitas          Tloc           #.........   98%         3    ####...
 Petrify                  Tmut/Erth      #.......     100%        4    #####..
 Metabolic Englaciation   Hex/Ice        #.........   100%        5    ######.
 Yara's Violent Unravell  Hex/Tmut       #.........   100%        5    ######.


Dungeon Overview and Level Annotations

Branches:
Dungeon (5/15)
 Temple: D:4-7

Altars:
Elyvilon
Fedhas
Makhleb
Okawaru
Trog
Vehumet
Wu Jian
Yredelemnul
The Shining One

Shops:
D:4 [

Annotations:
D:4 Grinder
D:8 Psyche


Innate Abilities, Weirdness & Mutations

You have sharp toenails.
You are partially covered in large bone plates. (SH +4)
You may emit foul miasma when damaged in melee.
You regenerate a little health from kills.
You are immune to rotting.


Message History

Found a potion of brilliance.
A quokka comes into view.
Something barely misses you. Something hits you.
* * * LOW HITPOINT WARNING * * *
You convulse.
* * * LOW HITPOINT WARNING * * *
The hound closely misses you.
You hit the quokka. Your kick misses the quokka.
The quokka is almost dead.
Something hits you but does no damage. The quokka bites you.
* * * LOW HITPOINT WARNING * * *
The hound closely misses you. Something hits you but does no damage.
The bullfrog skeleton barely misses you.
The quokka barely misses you.
You hit the quokka.
You kill the quokka!
The hound bites you but does no damage. Something hits you but does no damage.
You are electrocuted!!
You die...

#........#. ..
##o......#. ...
#.o.......
...###........#
.......oo......#
....#..........#
.. #...o..#####
#..Z{h.#
#...@..#
#...>.##
#.......
#..!#..... #...
....... #...
....... #...
####### #...


You could see a hound, 5 orcs and a bullfrog skeleton.

Vanquished Creatures
  A hippogriff (D:5)
  A phantom (D:4)
  2 ice beasts
  An ogre (D:3)
  A water moccasin zombie (D:3)
  A crimson imp (D:5)
  2 hounds
  2 orc priests
  An iguana (D:3)
  A worker ant (D:5)
  5 orc wizards
  Robin (D:4)
  10 adders
  2 shadow imps (D:5)
  2 oozes (D:3)
  An adder zombie (D:5)
  An adder skeleton (D:4)
  6 worms
  3 dart slugs
  21 orcs
  6 giant cockroaches
  13 goblins
  11 hobgoblins
  9 jackals
  7 kobolds
  4 quokkas
  14 bats
  3 frilled lizards
  A leopard gecko skeleton (D:4)
  11 rats
144 creatures vanquished.

Vanquished Creatures (others)
  A goblin (D:3)
  A quokka (D:3)
2 creatures vanquished.

Grand Total: 146 creatures vanquished

Notes
Turn   | Place    | Note
-------+----------+-------------------------------------------
     0 | D:1      | BritishOli the Demonspawn Gladiator began the quest for the
                  | Orb.
     0 | D:1      | Reached XP level 1. HP: 16/16 MP: 1/1
   101 | D:1      | Gained mutation: You are partially covered in large bone
                  | plates. (SH +4) [demonic ancestry]
   101 | D:1      | Reached XP level 2. HP: 22/22 MP: 2/2
   763 | D:2      | Reached skill level 3 in Long Blades
   834 | D:2      | Gained mutation: You regenerate a little health from kills.
                  | [demonic ancestry]
   834 | D:2      | Reached XP level 3. HP: 23/28 MP: 3/3
  1164 | D:2      | Found a faded altar of an unknown god.
  1199 | D:2      | Gained mutation: You are immune to rotting. [demonic
                  | ancestry]
  1199 | D:2      | Reached XP level 4. HP: 27/34 MP: 4/4
  1352 | D:2      | Noticed a moth of wrath
  1370 | D:2      | Found a bloodstained altar of Trog.
  1569 | D:2      | Found a radiant altar of Vehumet.
  1611 | D:2      | Found a blossoming altar of Fedhas.
  2038 | D:3      | Found a glowing golden altar of the Shining One.
  2236 | D:3      | Found a burning altar of Makhleb.
  2256 | D:3      | Reached XP level 5. HP: 35/41 MP: 5/5
  2266 | D:3      | Found a basalt altar of Yredelemnul.
  2304 | D:3      | Reached skill level 4 in Long Blades
  2364 | D:3      | Found a white marble altar of Elyvilon.
  2849 | D:3      | Reached XP level 6. HP: 43/47 MP: 6/6
  2957 | D:4      | Noticed Robin
  3002 | D:4      | Reached skill level 1 in Armour
  3012 | D:4      | Killed Robin
  3163 | D:4      | Noticed Grinder
  3187 | D:4      | Paralysed by Grinder for 7 turns
  3433 | D:5      | Entered Level 5 of the Dungeon
  3439 | D:5      | Noticed an ice beast
  3439 | D:5      | Noticed an ice beast
  3467 | D:4      | Found Dawiq's Armour Emporium.
  3839 | D:3      | Reached skill level 5 in Long Blades
  3839 | D:3      | Gained mutation: You have sharp toenails. [demonic
                  | ancestry]
  3839 | D:3      | Reached XP level 7. HP: 44/54 MP: 7/7
  5124 | D:5      | Found an ornate altar of the Wu Jian Council.
  5558 | D:5      | Noticed a hippogriff
  5665 | D:4      | Paralysed by Grinder for 5 turns
  5900 | D:5      | Killed a hippogriff
  5900 | D:5      | Reached skill level 6 in Long Blades
  5900 | D:5      | Gained mutation: You may emit foul miasma when damaged in
                  | melee. [demonic ancestry]
  5900 | D:5      | Reached XP level 8. HP: 51/61 MP: 8/8
  5952 | D:5      | Reached skill level 5 in Dodging
  6111 | D:5      | Found an iron altar of Okawaru.
  6124 | D:5      | You fall into a shaft and drop 3 floors!
  6147 | D:8      | Noticed Psyche
  6213 | D:8      | Mangled by Psyche

Levels and vault maps discovered:
D:1:      sevenhm_arrival_forest_fort_large_2, layout_loops_ring,
          columned_hall_lemuel
D:2:      layout_basic, fedhas_altar_fruit_tree, vehumet_crystals, tgw_trog,
          chequers_ecumenical_altar_simple, kennysheep_cluttered_room
D:3:      layout_basic, elyvilon_altar_4, grunt_temple_overflow_open,
          tso_metal_star
D:4:      layout_rooms, first_ration, serial_shops, kennysheep_little_box,
          minmay_misc_feat_columns, uniq_robin, uniq_grinder
D:5:      layout_rooms, nicolae_overflow_crystal_walls, lemuel_round_altar,
          zin_angel, st_stairs_13, minmay_a_box_with_orc_wizards_in_it
D:8:      layout_basic, marbit_many_paths, minmay_the_grid_2x2
          [minmay_the_grid_eight, minmay_the_grid_minigrid_small,
          minmay_the_grid_odd_star, minmay_the_grid_prize_shrinking_boxes],
          uniq_psyche, uniq_maurice

Skill      XL: |  1  2  3  4  5  6  7  8 |
---------------+-------------------------+-----
Throwing       | 2 |  2.4
Dodging        | 3 4 5 |  5.0
Long Blades    | 3 4 5 6 |  6.2
Fighting       | 3 4 |  4.9
Armour         | 1 3 |  3.0

Action                   |  1- 3 |  4- 6 |  7- 9 || total
-------------------------+-------+-------+-------++-------
Melee: Long sword        |   101 |   276 |   135 ||   512
       Kick              |       |       |    56 ||    56
Throw: Throwing net      |       |     4 |     1 ||     5
  Use: Potion            |     3 |       |     2 ||     5
 Stab: Sleeping          |     1 |       |       ||     1
       Held in net/web   |       |       |     1 ||     1
  Eat: Chunk             |       |     5 |     2 ||     7
       Ration            |       |     2 |     1 ||     3
Armor: Leather armour    |    25 |    69 |    26 ||   120
       Skin              |     5 |       |       ||     5
       Scale mail        |       |       |     4 ||     4
Dodge: Dodged            |    79 |   223 |   123 ||   425
Block: Other             |    14 |    56 |    28 ||    98
       Rpst.: Long sword |    19 |    74 |    38 ||   131

Table legend:
 A = Non-vault XP
 B = Vault XP
 C = Vault XP percentage of total XP
 D = Non-vault monster count
 E = Vault monster count
 F = Vault count percentage of total count
                 A         B        C        D         E       F
            +---------+---------+-------+---------+---------+-------
      Total |    1527 |     204 |  11.8 |     124 |      20 |  13.9
            +---------+---------+-------+---------+---------+-------
        D:1 |      35 |       0 |   0.0 |      23 |       0 |   0.0
        D:2 |      79 |       9 |  10.2 |      22 |       5 |  18.5
        D:3 |     556 |      14 |   2.5 |      48 |       7 |  12.7
        D:4 |     399 |      56 |  12.3 |      13 |       5 |  27.8
        D:5 |     456 |     125 |  21.5 |      17 |       3 |  15.0
        D:8 |       2 |       0 |   0.0 |       1 |       0 |   0.0
            +---------+---------+-------+---------+---------+-------
